 Dungeon Crawl Stone Soup version 0.21-a0-584-g185da8e (webtiles) character file.

74 Gerstahl the Skirmisher (level 4, -4/36 HPs)
             Began as a Demonspawn Skald on Dec 21, 2017.
             Slain by a gnoll (6 damage)
             ... on level 2 of the Dungeon.
             The game lasted 00:04:44 (1564 turns).

Gerstahl the Skirmisher (Demonspawn Skald)          Turns: 1564, Time: 00:04:45

Health: -4/36      AC:  5    Str: 12    XL:     4   Next: 10%
Magic:  7/7        EV: 11    Int: 15    God:
Gold:   76         SH:  0    Dex: 12    Spells: 6/7 levels left

rFire    . . .     SeeInvis .   a - +0 falchion
rCold    . . .     Gourm    .   (no shield)
rNeg     . . .     Faith    .   b - +0 leather armour
rPois    .         Spirit   .   (no helmet)
rElec    .         Reflect  .   (no cloak)
rCorr    .         Harm     .   j - +0 pair of gloves
MR       .....                  (no boots)
Stlth    +.........             (no amulet)
HPRegen  0.12/turn              i - ring of flight
MPRegen  0.10/turn              (no ring)

@: no status effects
A: rugged brown scales 1, powered by pain 1
a: Evoke Flight


You were on level 2 of the Dungeon.
You were not hungry.

You visited 1 branch of the dungeon, and saw 3 of its levels.

You collected 76 gold pieces.

Inventory:

Hand Weapons
 a - a +0 falchion (weapon)
Armour
 b - a +0 leather armour (worn)
 j - a +0 pair of gloves (worn)
Jewellery
 i - a ring of flight (left hand)
 k - an uncursed ring of ice {unknown}
Scrolls
 e - a scroll of remove curse {unknown}
 g - 3 scrolls of teleportation {unknown}
 l - a scroll of fog {unknown}
 n - a scroll of fear {unknown}
Potions
 m - a potion of brilliance {unknown}
Books
 c - a book of Battle

   Spells                             Type                      Level
   a - Infusion                       Charms                       1
   b - Shroud of Golubria             Charms/Translocation         2
   c - Song of Slaying                Charms                       2
   d - Spectral Weapon                Hexes/Charms                 3
   e - Regeneration                   Charms/Necromancy            3
 h - a book of Minor Magic

   Spells                             Type                      Level
   a - Magic Dart                     Conjuration                  1
   b - Blink                          Translocation                2
   c - Call Imp                       Summoning                    2
   d - Slow                           Hexes                        2
   e - Conjure Flame                  Conjuration/Fire             3
   f - Mephitic Cloud                 Conjuration/Poison/Air       3
Comestibles
 d - 3 rations
 f - 14 chunks of flesh


   Skills:
 + Level 3.4 Fighting
 + Level 3.1 Long Blades
 - Level 0.8 Armour
 - Level 1.7 Dodging
 - Level 2.0 Spellcasting
 - Level 2.6 Charms


You had 6 spell levels left.
You knew the following spells:

 Your Spells              Type           Power        Failure   Level  Hunger
a - Infusion              Chrm           #...         10%         1    #......


Dungeon Overview and Level Annotations

Branches:
Dungeon (3/15)

Altars:
Ashenzari
Hepliaklqana
The Shining One


Innate Abilities, Weirdness & Mutations

You are partially covered in rugged brown scales. (AC +1, +3% HP)
You sometimes gain a little power by taking damage.


Message History

You hear a shout! x6; You hear an angry hiss.
There is a stone staircase leading up here.
The quokka bites you but does no damage.
You climb upwards.
The gnoll completely misses you. The gnoll barely misses you.
There is a stone staircase leading down here.
You closely miss the gnoll. The quokka bites you. The gnoll hits you.
* * * LOW HITPOINT WARNING * * *
The gnoll barely misses you.
You hit the gnoll but do no damage. The quokka closely misses you.
The gnoll barely misses you. The quokka bites you.
* * * LOW HITPOINT WARNING * * *
The gnoll barely misses you.
You hit the gnoll but do no damage.
The quokka bites you but does no damage.
The gnoll hits you.
* * * LOW HITPOINT WARNING * * *
The gnoll closely misses you.
You barely miss the gnoll. The quokka closely misses you. The gnoll hits you.
You die...

#.# #.#######
#.......#
#######.# #.#
############## #.#
#............# #.#
#............###g#
'............'gr@#
#............#####
#............#
#............#
#............####
###...).........#
# #.............#
#.............#
#.............#


You could see 2 gnolls and a quokka.

Vanquished Creatures
  Robin (D:2)
  An adder (D:2)
  A gnoll (D:2)
  A dart slug (D:2)
  A leopard gecko (D:2)
  A ball python (D:2)
  5 bats
  3 giant cockroaches (D:1)
  6 goblins (D:2)
  9 hobgoblins
  7 kobolds
  2 frilled lizards (D:1)
  2 rats
40 creatures vanquished.

Notes
Turn   | Place    | Note
-------+----------+-------------------------------------------
     0 | D:1      | Gerstahl the Demonspawn Skald began the quest for the Orb.
     0 | D:1      | Reached XP level 1. HP: 16/16 MP: 3/3
   133 | D:1      | Gained mutation: You are partially covered in rugged brown scales. (AC +1, +3% HP) [demonic ancestry]
   133 | D:1      | Reached XP level 2. HP: 14/23 MP: 5/5
   577 | D:1      | Found a shattered altar of Ashenzari.
   922 | D:2      | Gained mutation: You sometimes gain a little power by taking damage. [demonic ancestry]
   922 | D:2      | Reached XP level 3. HP: 5/28 MP: 6/6
  1061 | D:2      | Found a glowing golden altar of the Shining One.
  1098 | D:2      | Found a hazy altar of Hepliaklqana.
  1378 | D:2      | Noticed Robin
  1391 | D:2      | Killed Robin
  1508 | D:2      | Reached XP level 4. HP: 19/36 MP: 1/7
  1564 | D:2      | Slain by a gnoll

Vault maps used:
D:1:      kennysheep_arrival_forest, kennysheep_pointless_box,
          evilmike_ruin_ashenzari
D:2:      tso_altar, lemuel_round_altar, kennysheep_generic_room_12, uniq_robin
D:3:      tgw_xom

Skill      XL: |  1  2  3 |
---------------+----------+-----
Long Blades    | 2 3 |  3.1
Fighting       | 3 |  3.4
Armour         | |  0.8
Dodging        | |  1.7
Spellcasting   | |  2.0
Charms         | |  2.6

Action                   |  1- 3 |  4- 6 || total
-------------------------+-------+-------++-------
Melee: Falchion          |   124 |     4 ||   128
 Cast: Infusion          |     1 |       ||     1
  Use: Potion            |     2 |       ||     2
  Eat: Chunk             |     2 |       ||     2
Armor: Leather armour    |    49 |     7 ||    56
Dodge: Dodged            |    95 |    13 ||   108
       Rpst.: Falchion   |    29 |     1 ||    30

Table legend:
 A = Spawn XP
 B = Non-spawn XP
 C = Spawn XP percentage of total XP
 D = Spawn monster count
 E = Non-spawn monster count
 F = Spawn count percentage of total count
 G = Total turns spent on level
                    A         B        C        D         E        F      G
               +---------+---------+-------+---------+---------+-------+---------
         Total |       0 |     107 |   0.0 |       0 |      40 |   0.0 |  1564
               +---------+---------+-------+---------+---------+-------+---------
           D:1 |       0 |      27 |   0.0 |       0 |      17 |   0.0 |   899
           D:2 |       0 |      80 |   0.0 |       0 |      23 |   0.0 |   663
               +---------+---------+-------+---------+---------+-------+---------
